 Dungeon Crawl Stone Soup version 0.17-a0-1863-g715b4b0 (webtiles) character file.

202 dpvblackbelt the Unseen (level 5, 0/34 HPs)
             Began as an Octopode Assassin on Sept 20, 2015.
             Succumbed to an adder's poison
             ... on level 3 of the Dungeon.
             The game lasted 00:05:01 (2817 turns).

dpvblackbelt the Unseen (Octopode Assassin)         Turns: 2817, Time: 00:05:02

Health: 0/34       AC:  1    Str: 11    XL:     5   Next: 80%
Magic:  5/5        EV: 12    Int: 13    God:
Gold:   104        SH:  0    Dex: 14    Spells: 0 memorised, 4 levels left

rFire  . . .     SeeInvis .     a - +2 dagger
rCold  . . .     Clarity  .     (no shield)
rNeg   . . .     SustAt   .     (helmet restricted)
rPois  .         Gourm    .     (no amulet)
rElec  .         Spirit   .     p - -3 ring of strength (curse)
rCorr  .         Warding  .     q - +3 ring of strength
rMut   .         Stasis   .     (no ring)
MR     .....                    (no ring)
Stlth  ++++++++..               (no ring)
                                (no ring)
                                (no ring)
                                (no ring)

@: lethally poisoned (0 -> -8), not resistant to hostile enchantments,
extraordinarily stealthy
A: almost no armour, amphibious, 8 rings, constrict 8, camouflage 1, gelatinous
body 1
a: no special abilities


You were on level 3 of the Dungeon.
You were not hungry.

You visited 1 branch of the dungeon, and saw 3 of its levels.

You collected 104 gold pieces.

Inventory:

Hand weapons
 a - a +2 dagger (weapon)
 b - a +0 blowgun
Missiles
 c - 28 poisoned needles
 d - 8 curare-tipped needles
Jewellery
 p - a cursed -3 ring of strength (left tentacle)
 q - a +3 ring of strength (right tentacle)
Scrolls
 f - 2 scrolls of identify
 i - a scroll of holy word
 l - a scroll of random uselessness {unknown}
Potions
 h - a potion of heal wounds {unknown}
 j - a potion of lignification {unknown}
 k - a potion of mutation {unknown}
 n - a potion of magic
 o - a potion of might {unknown}
Comestibles
 e - 3 bread rations
 m - 2 meat rations
 r - a chunk of flesh


   Skills:
 - Level 2.0 Fighting
 - Level 2.0 Short Blades
 - Level 2.0 Throwing
 - Level 1.0 Dodging
 + Level 16.6 Stealth


You had 4 spell levels left.
You didn't know any spells.

Dungeon Overview and Level Annotations

Branches:
Dungeon (3/15)

Altars:
Nemelex Xobeh
Sif Muna
Xom


Innate Abilities, Weirdness & Mutations

You cannot wear most types of armour.
You are amphibious.
You can wear up to eight rings at the same time.
You can use your tentacles to constrict eight enemies at once.
Your skin changes colour to match your surroundings (Stealth).
Your rubbery body absorbs attacks (AC +1).


Message History

The adder is severely wounded.
* * * LOW HITPOINT WARNING * * *
You feel sick. The adder barely misses you. The giant newt bites you.
* * * LOW HITPOINT WARNING * * *
Unknown command.
You hit the adder. Your grab misses the adder. You squeeze the adder.
You kill the adder!
* * * LOW HITPOINT WARNING * * *
You feel sick. The giant newt bites you.
* * * LOW HITPOINT WARNING * * *
Drink which item? (? for menu, Esc to quit)
It was a potion of magic.
Magic courses through your body.
* * * LOW HITPOINT WARNING * * *
You feel sick. The giant newt barely misses you.
Drink which item? (? for menu, Esc to quit)
It was a potion of experience.
You feel more experienced!
Your Stealth skill gained 8 levels and is now at level 16!
You have reached level 5!
You feel stronger.
You die...

...... ...... ####
....?. #..## .....
....# ...
....##########.####
..#............l@.#
..##...#######..#....#
[.####..## ##)####....
..# ##..## #....##...
..## ##..###
#....=..## ...##
##...###....##.# ....#
###...#....# #...###
###.#.†.># #.....##
#.#...>#


You could see a giant newt.

Vanquished Creatures
  2 adders
  2 oozes (D:2)
  2 worms
  2 giant geckos
  An orc (D:3)
  11 bats
  A giant cockroach (D:3)
  11 hobgoblins
  8 kobolds
  4 quokkas
  A ball python (D:2)
  5 giant newts
  12 goblins
  4 rats
66 creatures vanquished.

Notes
Turn   | Place    | Note
--------------------------------------------------------------
     0 | D:1      | dpvblackbelt the Octopode Assassin began the quest for the Orb.
     0 | D:1      | Reached XP level 1. HP: 14/14 MP: 1/1
   117 | D:1      | Reached XP level 2. HP: 6/19 MP: 2/2
   337 | D:1      | Reached skill level 6 in Stealth
  1074 | D:2      | Reached XP level 3. HP: 16/24 MP: 3/3
  1326 | D:2      | Reached skill level 7 in Stealth
  1956 | D:2      | Reached XP level 4. HP: 24/29 MP: 4/4
  2105 | D:2      | Found a deep blue altar of Sif Muna.
  2106 | D:2      | Found a shimmering altar of Xom.
  2523 | D:3      | Reached skill level 8 in Stealth
  2567 | D:3      | Found a sparkling altar of Nemelex Xobeh.
  2816 | D:3      | HP: 1/29 [poisoned by an adder]
  2817 | D:3      | Reached skill level 16 in Stealth
  2817 | D:3      | Reached XP level 5. HP: 1/34 MP: 5/5
  2817 | D:3      | Succumbed to an adder's poison

Vault maps used:
D:1:      saegor_arrival_simple_b, minmay_stone_trees_medium, minivault_5,
          minmay_statues_item, minmay_misc_feat_five
D:2:      gammafunk_temple_overflow_statue, first_bread, minivault_23,
          minmay_box_of_dots
D:3:      nemelex_deck

Action                   |  1- 3 |  4- 6 || total
-------------------------+-------+-------++-------
Melee: Dagger            |    82 |    60 ||   142
  Use: Scroll            |       |     2 ||     2
       Potion            |       |     2 ||     2
 Stab: Sleeping          |    15 |     9 ||    24
  Eat: Chunk             |     3 |     3 ||     6
